 Dungeon Crawl Stone Soup version 0.29-a0-878-g7b45a56547 (webtiles) character file.

Game seed: 4819976716877165499

496 LynnLen the Covert (level 6, -5/36 HPs)
             Began as a Vampire Enchanter on July 19, 2022.
             Killed from afar by Ijyb (15 damage)
             ... with a bolt of acid
             ... on level 4 of the Dungeon.
             The game lasted 00:18:12 (5450 turns).

LynnLen the Covert (Vampire Enchanter)              Turns: 5450, Time: 00:18:12

Health: -5/36      AC:  6    Str:  5 (7)  XL:     6   Next: 93%
Magic:  8/9        EV: 12    Int: 15 (17) God:
Gold:   202        SH:  0    Dex: 16 (17) Spells: 3/9 levels left

rFire   . . .      SeeInvis +   j - +1 dagger (venom)
rCold   + + .      Faith    .   (no shield)
rNeg    + + +      Spirit   .   d - +0 leather armour
rPois   ∞          Reflect  .   l - +0 helmet
rElec   .          Harm     .   c - +0 cloak
rCorr   .          Rampage  .   v - +0 pair of gloves
Will    .....                   (no boots)
Stlth   ++++++....              (no amulet)
HPRegen 0.00/turn               (no ring)
MPRegen 0.11/turn               (no ring)

@: about to teleport, bloodless, inhibited regen
A: bloodless, fangs 3, see invisible, vampiric 2
a: Bat Form, Revivify


You were on level 4 of the Dungeon.
You visited 1 branch of the dungeon, and saw 4 of its levels.
You also visited: Sewer.

You collected 202 gold pieces.

Inventory:

Hand Weapons
 j - a +1 dagger of venom (weapon)
Missiles
 f - 5 silver javelins (quivered)
 g - 20 poisoned darts
Armour
 c - a +0 cloak (worn)
 d - a +0 leather armour (worn)
 l - a +0 helmet (worn)
 v - a +0 pair of gloves (worn)
Jewellery
 x - a ring of protection from cold
Wands
 y - a wand of flame (7)
Scrolls
 i - a scroll of immolation
 k - 2 scrolls of poison
 n - a scroll of vulnerability {unknown}
 q - a scroll of summoning {unknown}
 t - 2 scrolls of fog {unknown}
Potions
 a - a potion of berserk rage
 e - 4 potions of attraction
 h - a potion of mutation
 m - a potion of lignification {unknown}
 o - a potion of flight {unknown}
 p - a potion of degeneration {unknown}
 r - a potion of resistance {unknown}
 s - 2 potions of might
 u - a potion of heal wounds {unknown}


   Skills:
 * Level 2.5 Fighting
 * Level 4.7 Short Blades
 + Level 3.2 Dodging
 + Level 8.1 Stealth
 - Level 2.0 Spellcasting
 - Level 4.4 Hexes


You had 3 spell levels left.
You knew the following spells:

 Your Spells              Type           Power      Damage    Failure   Level
a - Confusing Touch       Hex            14%        N/A       19%         3
b - Tukima's Dance        Hex            14%        N/A       19%         3

Your spell library contained the following spells:

 Spells                   Type           Power      Damage    Failure   Level
 Ensorcelled Hibernation  Hex/Ice        16%        N/A       22%         2
 Apportation              Tloc           2%         N/A       36%         1
 Dazzling Flash           Conj/Hex       16%        N/A       41%         3
 Alistair's Intoxication  Tmut/Pois      0%         N/A       100%        5


Dungeon Overview and Level Annotations

Branches:
Dungeon (4/15)              Sewer (visited)
 Temple: D:4-7

Altars:

Annotations:
D:4 Ijyb


Innate Abilities, Weirdness & Mutations

You do not regenerate when monsters are visible.
You are frail without blood (-20% HP).
You can heal yourself when you bite living creatures.
You are immune to poison.
You have razor-sharp teeth.
You have supernaturally acute eyesight. (SInv)
You are afflicted with vampirism and can become a bat while bloodless.


Message History

Press: ? - help, Shift-Dir - straight line, f - Ijyb
Aim: Ijyb, wielding a +0 dagger of flaming, wearing a +0 ring mail and carrying a wand of acid (10) (wandering, hasn't noticed you, chance to affect: 56%) Ijyb shouts!
The +0 dagger of flaming dances into the air!
You hear a shout!
Ijyb zaps a wand.
The bolt of acid hits you! The acid corrodes you!
A goblin comes into view. It is wielding a +0 sling.
Your +0 dagger of flaming hits Ijyb but does no damage.
Something hits your +0 dagger of flaming.
A goblin comes into view. It is wielding a +0 club.
Your +0 dagger of flaming hits Ijyb.
Your +0 dagger of flaming burns Ijyb.
The goblin hits your +0 dagger of flaming with a +0 club.
Ijyb hits your +0 dagger of flaming.
Your +0 dagger of flaming falls from the air.
Ijyb shouts!
Ijyb zaps a wand.
The bolt of acid misses the goblin.
The bolt of acid hits you!
* * * LOW HITPOINT WARNING * * *
There is an open door here.
Things that are here:
a +0 club; a +0 spear; a gnoll corpse Ijyb screams, "I dance on your bones!"
You close the door, pushing everything out of the way.
You see here a +0 club.
A goblin opens the door.
Things that are here:
a +0 club; a hobgoblin corpse
There is a large open door here.
You close the large door.
You are no longer corroded.
A goblin breaks down the large door.
It's broken and can't be closed.
Okay, then.
As you read the scroll of teleportation, it crumbles to dust.
You feel strangely unstable.
Ijyb zaps a wand.
The bolt of acid hits the goblin!!
The acid corrodes the goblin!
The goblin dies!
The bolt of acid hits you!
You die...

..#...>########)#.#.######
..#.#.........l)#.#.#############
..###..........)#.#..............
..............>.#...............#
.................................
.................................
≈≈..≈.≈≈≈≈≈.≈≈≈....≈≈≈≈≈≈≈≈.≈.≈.≈
≈≈≈≈≈≈≈≈≈≈≈≈≈≈≈....≈≈≈≈≈≈≈≈≈≈≈≈≈≈
≈≈≈≈≈≈≈≈≈≈≈≈≈≈≈.@...≈≈≈≈≈≈≈≈≈≈≈≈≈
≈≈≈≈≈≈≈≈≈≈≈≈≈≈≈.)..≈≈≈≈≈≈≈≈≈≈≈≈≈≈
################''###############
..... #gg..# ...... #g...#
......#########)...#######
#...).g....#g.....#.....
#.....gg...').....'.....
#.........g#......#....


You could see Ijyb, an iguana (wandering), a hobgoblin and 2 goblins.

Vanquished Creatures
  Pargi (Sewer)
  An ice beast (D:4)
  Jessica (D:2)
  An iguana (D:4)
  Robin (D:2)
  6 gnolls
  7 adders
  A river rat (D:3)
  A worm (D:3)
  4 dart slugs
  5 orcs (D:4)
  3 endoplasms
  A giant cockroach (D:3)
  20 goblins
  8 hobgoblins
  10 kobolds
  5 quokkas
  7 ball pythons
  6 bats
  8 frilled lizards
  12 rats
109 creatures vanquished.

Vanquished Creatures (others)
  A dancing weapon (D:4)
  A goblin (D:4)
2 creatures vanquished.

Grand Total: 111 creatures vanquished

Notes
Turn   | Place    | Note
-------+----------+-------------------------------------------
     0 | D:1      | LynnLen the Vampire Enchanter began the quest for the Orb.
     0 | D:1      | Reached XP level 1. HP: 13/13 MP: 3/3
   410 | D:1      | Reached XP level 2. HP: 16/16 MP: 5/5
   667 | D:1      | Reached skill level 5 in Stealth
   829 | D:1      | Reached skill level 1 in Fighting
  1033 | D:1      | Found a faded altar of an unknown god.
  1264 | D:1      | Gained mutation: You are afflicted with vampirism and can
                  | become a bat while bloodless. [Vampire growth]
  1264 | D:1      | Reached XP level 3. HP: 20/20 MP: 6/6
  1509 | D:2      | Noticed Jessica
  1526 | D:2      | Killed Jessica
  1889 | D:2      | Reached XP level 4. HP: 17/25 MP: 7/7
  1984 | D:2      | Learned a level 3 spell: Confusing Touch
  1988 | D:2      | Learned a level 3 spell: Tukima's Dance
  2382 | D:2      | Noticed Robin
  2757 | D:2      | Reached skill level 6 in Stealth
  2859 | D:2      | Killed Robin
  3425 | D:3      | Reached XP level 5. HP: 30/30 MP: 8/8
  3441 | D:3      | Found a glowing drain.
  3449 | Sewer    | Entered a sewer
  3492 | Sewer    | Noticed Pargi
  3501 | Sewer    | Killed Pargi
  3502 | Sewer    | Reached skill level 7 in Stealth
  3779 | D:3      | Reached XP level 6. HP: 32/35 MP: 9/9
  5074 | D:4      | Noticed an ice beast
  5080 | D:4      | Killed an ice beast
  5081 | D:4      | Reached skill level 8 in Stealth
  5380 | D:4      | Noticed Ijyb
  5450 | D:4      | Killed from afar by Ijyb

Illustrated notes

Levels and vault maps discovered:
D:1:      kennysheep_arrival_forest, layout_loops_corners,
          shapermc_ecumenical_altar_hornbeckon, minmay_pentomino_q2
D:2:      minmay_chambers_of_ones, layout_loops_ring,
          wander_ebering_terrifying_dragon_lair, uniq_robin, uniq_jessica
D:3:      layout_basic, gup_sewer_entry_bubbles
D:4:      minmay_goblin_kobold_castle, layout_basic, uniq_ijyb

Skill      XL: |  1  2  3  4  5  6 |
---------------+-------------------+-----
Stealth        | 5 6 7 8 |  8.1
Fighting       | 1 2 |  2.5
Short Blades   | 2 3 4 |  4.7
Dodging        | 3 |  3.2
Spellcasting   | |  2.0
Hexes          | |  4.4

Action                   |  1- 3 |  4- 6 || total
-------------------------+-------+-------++-------
Melee: Dagger            |    95 |   228 ||   323
       Bite              |     5 |    24 ||    29
       Punch             |       |     4 ||     4
Throw: Dart              |     4 |       ||     4
 Cast: Tukima's Dance    |       |     1 ||     1
 Abil: Exsanguinate      |     1 |       ||     1
       End Transformatio |       |     1 ||     1
       Bat Form          |       |     1 ||     1
  Use: Scroll            |     4 |     7 ||    11
       Potion            |     1 |     1 ||     2
 Stab: Sleeping          |    16 |    19 ||    35
       Invisible         |     1 |     1 ||     2
Armor: Leather armour    |    14 |    60 ||    74
Dodge: Dodged            |    43 |   130 ||   173

Table legend: (Time is in decaauts)
 A = Elapsed time spent in this place.
 B = Non-inter-level travel time spent in this place.
 C = Inter-level travel time spent in this place.
 D = Time resting spent in this place.
 E = Time spent auto-exploring this place.
 F = Levels seen in this place.
 G = Mean time per level.
                   A        B        C        D        E       F      G
               +--------+--------+--------+--------+--------+-----+--------+
         Total |   5441 |   5441 |      0 |    830 |   2047 |   5 | 1088.2 |
       Dungeon |   5204 |   5204 |      0 |    743 |   2047 |   4 | 1301.0 |
         Sewer |    236 |    236 |      0 |     87 |      0 |   1 |  236.0 |
               +--------+--------+--------+--------+--------+-----+--------+

Top non-repeatable levels by time:
     D:2: 1563 daAuts
     D:1: 1495 daAuts
     D:4: 1345 daAuts
     D:3: 800 daAuts
   Sewer: 236 daAuts
